 Dungeon Crawl Stone Soup version 0.24.0-13-gcf9b319 (webtiles) character file.

Game seed: 4945782352962962054, levelgen mode: deterministic

2818 Fang the Skirmisher (level 9, -1/59 HPs)
             Began as a Gargoyle Berserker on Nov 11, 2019.
             Was an Elder of Trog.
             Slain by a queen bee (10 damage)
             ... on level 8 of the Dungeon.
             The game lasted 00:07:49 (7260 turns).

Fang the Skirmisher (Gargoyle Berserker)            Turns: 7260, Time: 00:07:50

Health: -1/59      AC: 22    Str: 25    XL:     9   Next: 72%
Magic:  9/9        EV:  9    Int:  7    God:    Trog [****..]
Gold:   399        SH:  0    Dex:  9    Spells: 8/8 levels left

rFire    . . .     SeeInvis .   a - +0 hand axe
rCold    . . .     Gourm    .   (no shield)
rNeg     + . .     Faith    .   b - +0 plate armour
rPois    ∞         Spirit   .   s - +1 helmet
rElec    +         Reflect  .   (no cloak)
rCorr    .         Harm     .   (no gloves)
MR       .....                  (no boots)
Stlth    ..........             (no amulet)
HPRegen  0.19/turn              (no ring)
MPRegen  0.11/turn              (no ring)

@: no status effects
A: negative energy resistance 1, electricity resistance, unbreathing,
petrification resistance, rot immunity, AC +6
a: Berserk, Trog's Hand, Brothers in Arms, Renounce Religion


You were on level 8 of the Dungeon.
You worshipped Trog.
Trog was greatly pleased with you.
You were not hungry.

You visited 2 branches of the dungeon, and saw 9 of its levels.

You collected 399 gold pieces.

Inventory:

Hand Weapons
 a - a +0 hand axe (weapon)
Armour
 b - a +0 plate armour (worn)
 s - a +1 helmet (worn)
Jewellery
 h - an uncursed ring of flight
Wands
 p - a wand of random effects (14)
 y - a wand of paralysis (5)
 B - a wand of acid (10)
Scrolls
 e - 5 scrolls of identify {unknown}
 i - a scroll of blinking {unknown}
 k - a scroll of enchant armour {unknown}
 m - 2 scrolls of amnesia {unknown}
 o - 3 scrolls of teleportation
 r - a scroll of fog {unknown}
 w - a scroll of remove curse
 x - a scroll of summoning {unknown}
 z - a scroll of immolation {unknown}
 A - a scroll of random uselessness {unknown}
Potions
 d - a potion of degeneration {unknown}
 f - 3 potions of heal wounds {unknown}
 g - a potion of brilliance {unknown}
 j - 2 potions of mutation {unknown}
 l - 3 potions of might {unknown}
 n - a potion of flight {unknown}
 q - a potion of cancellation {unknown}
 t - a potion of agility {unknown}
 u - a potion of ambrosia {unknown}
 v - 2 potions of curing {unknown}
Comestibles
 c - 7 rations


   Skills:
 + Level 7.9 Fighting
 + Level 6.5 Axes
 + Level 7.5 Armour
 + Level 5.6 Dodging


You had 8 spell levels left.
You didn't know any spells.
Your spell library was empty.

Dungeon Overview and Level Annotations

Branches:
Dungeon (8/15)             Temple (1/1) D:7
   Lair: D:8-11

Altars:
Nemelex Xobeh
Uskayaw


Innate Abilities, Weirdness & Mutations

You are resistant to torment.
Your stone body is resilient. (AC +6)
You are immune to poison.
You resist negative energy. (rN+)
You are resistant to electric shocks. (rElec)
You can survive without breathing.
You are immune to petrification.
You are immune to rotting.


Message History

A queen bee is nearby!
A queen bee is nearby!
Found 2 rations.
The killer bee buzzes angrily.
You hear an angry buzzing noise. x2
The queen bee buzzes angrily.
You hear a shout!
Found a ration.
A crimson imp comes into view. It is wielding a +0 war axe.
The crimson imp shouts!
You hit the crimson imp but do no damage.
Your plate armour prevents you from hitting the queen bee.
The queen bee stings you.
* * * LOW HITPOINT WARNING * * *
The crimson imp hits you but does no damage.
You slash the crimson imp!
The crimson imp is severely wounded.
You miss the killer bee.
Your plate armour prevents you from hitting the queen bee.
The killer bee stings you but does no damage.
The queen bee stings you!
You die...

######.†.yy####.....###
.......†..###.###......
##.####.§#.#.#.#....##
##.####.###.#.#.##..##
........#.%#%#%#.#...##
##.####.###.#.#.##..†.#
#.##.#%#y###.##.##
#...#y#y#.#..##..#
#..###@####..###.##
#.y..##5#.†..# #..# #..
#.....y..†yO.# ##.##
#... ##..#####.†###
#..# ##... #.## #.##
##.## ....####.## #y#
#####..# #
#........#####.#
#......##
#.#.......(...y..#
#.......#
#.[........)..####
#.......##


You could see a queen bee, 2 killer bees and a crimson imp.

Vanquished Creatures
  A manticore (D:7)
  Grum (D:8)
  A water moccasin (D:5)
  2 sky beasts (D:7)
  A black bear (D:7)
  An orc warrior (D:8)
  An ice beast (D:8)
  4 ogres
  2 wolves (D:8)
  Blork the orc (D:6)
  9 killer bees (D:8)
  4 crimson imps
  2 orc priests
  6 orc wizards
  A bullfrog skeleton (D:7)
  3 iguanas
  2 worker ants
  A hound skeleton (D:7)
  2 worker ant zombies (D:7)
  9 adders
  A shadow imp (D:5)
  A worm (D:2)
  4 dart slugs
  3 leopard geckos
  23 orcs
  10 bats
  7 giant cockroaches
  8 goblins
  7 hobgoblins
  11 jackals
  9 kobolds
  2 quokkas
  A ball python (D:1)
  4 frilled lizards
  A leopard gecko zombie (D:6)
  A quokka skeleton (D:4)
  5 rats
152 creatures vanquished.

Vanquished Creatures (collateral kills)
  A killer bee (D:8)
1 creature vanquished.

Grand Total: 153 creatures vanquished

Notes
Turn   | Place    | Note
-------+----------+-------------------------------------------
     0 | D:1      | Fang the Gargoyle Berserker began the quest for the Orb.
     0 | D:1      | Reached XP level 1. HP: 14/14 MP: 1/1
    87 | D:1      | Reached XP level 2. HP: 7/19 MP: 2/2
   606 | D:1      | Reached XP level 3. HP: 18/23 MP: 3/3
   791 | D:1      | Reached ** piety under Trog
  1358 | D:2      | Found a sparkling altar of Nemelex Xobeh.
  1375 | D:2      | Reached XP level 4. HP: 26/29 MP: 4/4
  2534 | D:3      | Reached *** piety under Trog
  2534 | D:3      | Reached XP level 5. HP: 15/33 MP: 5/5
  2974 | D:4      | Reached XP level 6. HP: 27/39 MP: 6/6
  3361 | D:4      | Found a hide-covered altar of Uskayaw.
  3361 | D:4      | Noticed a +0 dagger
  3361 | D:4      | Noticed a +0 hand axe
  3458 | D:5      | Entered Level 5 of the Dungeon
  3545 | D:5      | Noticed a water moccasin
  3576 | D:5      | Killed a water moccasin
  3576 | D:5      | Reached skill level 5 in Fighting
  3709 | D:5      | Reached XP level 7. HP: 42/44 MP: 7/7
  4768 | D:6      | Noticed Blork the orc
  4783 | D:6      | Killed Blork the orc
  4783 | D:6      | Reached skill level 5 in Armour
  4992 | D:6      | Reached **** piety under Trog
  5540 | D:7      | Reached XP level 8. HP: 51/51 MP: 8/8
  5553 | D:7      | Found a staircase to the Ecumenical Temple.
  5557 | D:7      | Noticed a manticore
  5566 | D:7      | Killed a manticore
  5566 | D:7      | Reached skill level 5 in Axes
  5892 | Temple   | Entered the Ecumenical Temple
  6336 | D:7      | Reached XP level 9. HP: 43/57 MP: 9/9
  6696 | D:8      | Reached skill level 5 in Dodging
  6700 | D:8      | Noticed Grum
  6725 | D:8      | Killed Grum
  7203 | D:8      | Noticed a queen bee
  7260 | D:8      | Slain by a queen bee

Levels and vault maps discovered:
D:1:      sevenhm_arrival_forest_fort_small_6, layout_basic, minmay_cut_off
D:2:      layout_basic, skrybe_limestone_x, chequers_serial_rivers_small_a,
          nemelex_xobeh_ov_fountains_minmay
D:3:      layout_loops_cross, first_ration, serial_co_window_serial,
          co_window_paths_a, co_window_paths_b, co_window_paths_b,
          co_window_corner_a, co_window_paths_a, co_window_cross_2,
          co_window_of_opportunity_b, co_window_broadway_a,
          co_window_of_opportunity_b, co_window_4corner_b, glass_columns_c,
          glass_columns_a, gup_sewer_entry_pipe
D:4:      layout_rooms, dancing_weapons_uskayaw
D:5:      layout_gridville, grunt_decor_arrowhead, minivault_26,
          chequers_serial_rivers_large_b
D:6:      layout_basic, amethyst_killhole, minivault_5, uniq_blork_the_orc
D:7:      layout_layer_cave, minmay_temple_entry_stoned_glass
D:8:      layout_basic, david_lair_shrubbed, david_nohive_1, uniq_grum
Temple:   roderic_octagonal_lattice_temple

Skill      XL: |  1  2  3  4  5  6  7  8  9 |
---------------+----------------------------+-----
Axes           | 3 4 5 6 |  6.5
Dodging        | 2 3 4 5 |  5.6
Armour         | 3 4 5 6 7 |  7.5
Fighting       | 4 5 7 |  7.9

Action                   |  1- 3 |  4- 6 |  7- 9 || total
-------------------------+-------+-------+-------++-------
Melee: Hand axe          |   118 |   230 |   426 ||   774
Invok: Berserk           |     2 |     4 |     5 ||    11
       Brothers in Arms  |       |       |     2 ||     2
       Trog's Hand       |       |       |     1 ||     1
  Use: Scroll            |       |     3 |     5 ||     8
  Eat: Chunk             |     3 |    11 |    13 ||    27
       Ration            |       |       |     2 ||     2
Armor: Animal skin       |    62 |    36 |       ||    98
       Chain mail        |       |    74 |    57 ||   131
       Plate armour      |       |       |   444 ||   444
Dodge: Dodged            |   101 |   154 |   312 ||   567
